 Dungeon Crawl Stone Soup version 0.30-a0-377-g5cb311bc9f (webtiles) character file.

Game seed: 8466429669877071004

25 Raultor the Changer (level 3, -1/23 HPs)
             Began as an Octopode Transmuter on Nov 28, 2022.
             Killed by divine providence
             ... invoked by an orc priest
              (13 damage)
             ... on level 2 of the Dungeon.
             The game lasted 00:02:39 (751 turns).

Raultor the Changer (Octopode Transmuter)            Turns: 751, Time: 00:02:40

Health: -1/23      AC:  1    Str: 11    XL:     3   Next: 4%
Magic:  13/15      EV: 13    Int: 15    God:
Gold:   19         SH:  0    Dex: 12    Spells: 3/6 levels left

rFire   . . .      SeeInvis .      - Unarmed
rCold   . . .      Faith    .    (no shield)
rNeg    . . .      Spirit   .    (helmet currently unavailable)
rPois   .          Reflect  .    (no amulet)
rElec   .          Harm     .    M - ring of magical power
rCorr   .          Rampage  .    (no ring)
Will    .....                    (no ring)
Stlth   ++........               (no ring)
HPRegen 0.23/turn                (no ring)
MPRegen 0.14/turn                (no ring)
                                 (no ring)
                                 (no ring)

@: appendages (expiring), wereblooded
A: tentacle spike 3, almost no armour, amphibious, 8 rings, camouflage 1,
gelatinous body 1, (nimble swimmer 1), tentacles
a: End Transformation


You were on level 2 of the Dungeon.
One of your tentacles had grown a beastly spike.
You visited 1 branch of the dungeon, and saw 2 of its levels.

You collected 19 gold pieces.


Innate Abilities, Weirdness & Mutations

One of your tentacles has grown a beastly spike.
You cannot wear most types of armour.
You are amphibious.
You can wear up to eight rings at the same time.
Your skin changes colour to match your surroundings (Stealth+).
Your rubbery body absorbs attacks. (AC +1, EV +1)
((You are camouflaged when in or above water. (Stealth+)))
You have tentacles for arms and can constrict up to eight enemies at once.


   Skills:
 - Level 1.0 Fighting
 - Level 2.0 Dodging
 - Level 3.0 Unarmed Combat
 - Level 2.0 Spellcasting
 + Level 3.4 Transmutations


You had 3 spell levels left.
You knew the following spells:

 Your Spells              Type           Power      Damage    Failure   Level
b - Beastly Appendage     Tmut           22%        N/A       5%          1
w - Wereblood             Tmut           11%        N/A       9%          2

Your spell library contained the following spells:

 Spells                   Type           Power      Damage    Failure   Level
 Spider Form              Tmut/Pois      6%         N/A       32%         3
 Ice Form                 Ice/Tmut       6%         N/A       73%         4

Inventory:

Jewellery
 M - a ring of magical power (left tentacle)
Scrolls
 c - a scroll of summoning {unknown}
 d - a scroll of amnesia {unknown}
 e - 2 scrolls of enchant weapon {unknown}
 f - a scroll of fear {unknown}
 h - a scroll of teleportation {unknown}
Potions
 a - a potion of lignification
 b - a potion of mutation {unknown}
 g - a potion of flight {unknown}

Dungeon Overview and Level Annotations

Branches:
Dungeon (2/15)

Altars:

#.........#########
#............(....#
#......>..........#
#.................#
#.................#
#...<...>.........#
######.#..........#
#.#(.........###
#@#............##
##o#..........#..#.
##.......o..........
#..{.....#.#..####..
#.#......#......#
#.#...#......##.##
#................##.
###.....#...........
#.....##....#.###.


You could see an orc priest.


Message History

Your primal bloodlust has ended.
Unknown command.
You start resting.
Magic restored.
HP restored.
Casting: Wereblood (safe; 9% risk of failure)
Confirm with . or Enter, or press ? or * to list all spells.
One of your tentacles grows a vicious spike.
You climb downwards.
There is a stone staircase leading up, spattered with blood here.
An orc comes into view. It is wielding a +0 short sword.
Your transformation is almost over.
There is a stone staircase leading up, spattered with blood here.
An orc priest comes into view. It is wielding a +0 flail.
Casting: Beastly Appendage (safe; 5% risk of failure)
Confirm with . or Enter, or press ? or * to list all spells.
Your blood is infused with primal strength.
The orc wizard casts a spell at you. The puff of flame hits you.
The orc priest hits you with a +0 flail.
There is a stone staircase leading up, spattered with blood here.
You tentacle-slap the orc priest but do no damage.
You grab the orc priest. You constrict the orc priest.
The orc wizard gestures wildly while chanting.
The orc wizard flickers and vanishes!
Deactivating autopickup; reactivate with Ctrl-A.
The orc priest invokes the aid of Beogh against you.
Beogh smites you!
Ouch! That really hurt!
You die...

Skill      XL: |  1  2 |
---------------+-------+-----
Transmutations | 3 |  3.4
Fighting       | |  1.0
Dodging        | |  2.0
Unarmed Combat | |  3.0
Spellcasting   | |  2.0

Action                   || total
-------------------------++-------
Melee: Unarmed           ||    36
       Tentacles         ||     8
       Constrict         ||    10
       Kick              ||     1
       Punch             ||     1
 Cast: Beastly Appendage ||     5
       Wereblood         ||     3
 Stab: Sleeping          ||     4
Armor: Skin              ||     3
Dodge: Dodged            ||    19

Levels and vault maps discovered:
D:1:      minmay_arrival_plants_in_alcoves, layout_rooms,
          hellmonk_ecumenical_altar_leap_of_faith
D:2:      layout_rooms, basic_altar, st_stairs_10, minmay_three_crescents

Notes
Turn   | Place    | Note
-------+----------+-------------------------------------------
     0 | D:1      | Raultor the Octopode Transmuter began the quest for the
                  | Orb.
     0 | D:1      | Reached XP level 1. HP: 13/13 MP: 3/3
    16 | D:1      | Found a faded altar of an unknown god.
   217 | D:1      | Reached XP level 2. HP: 14/18 MP: 5/5
   461 | D:2      | Reached skill level 3 in Transmutations
   465 | D:2      | Learned a level 2 spell: Wereblood
   696 | D:1      | Reached XP level 3. HP: 12/23 MP: 6/6
   751 | D:2      | Killed from afar by an orc priest

Vanquished Creatures
  A worm (D:2)
  A dart slug (D:1)
  An orc (D:1)
  3 ball pythons
  A giant cockroach (D:2)
  2 hobgoblins
  A kobold (D:1)
  2 quokkas (D:1)
  2 bats
  2 frilled lizards (D:1)
  A goblin (D:2)
  2 rats
19 creatures vanquished.

Table legend: (Time is in decaauts)
 A = Elapsed time spent in this place.
 B = Non-inter-level travel time spent in this place.
 C = Inter-level travel time spent in this place.
 D = Time resting spent in this place.
 E = Time spent auto-exploring this place.
 F = Levels seen in this place.
 G = Mean time per level.
                   A        B        C        D        E       F      G
               +--------+--------+--------+--------+--------+-----+--------+
         Total |    750 |    737 |     13 |     83 |    436 |   2 |  375.0 |
       Dungeon |    750 |    737 |     13 |     83 |    436 |   2 |  375.0 |
               +--------+--------+--------+--------+--------+-----+--------+

Top non-repeatable levels by time:
     D:1: 547 daAuts
     D:2: 203 daAuts

Table legend:
 A = Non-vault XP
 B = Vault XP
 C = Vault XP percentage of total XP
 D = Non-vault monster count
 E = Vault monster count
 F = Vault count percentage of total count
                 A         B        C        D         E       F
            +---------+---------+-------+---------+---------+-------
      Total |      36 |       0 |   0.0 |      19 |       0 |   0.0
            +---------+---------+-------+---------+---------+-------
        D:1 |      21 |       0 |   0.0 |      11 |       0 |   0.0
        D:2 |      15 |       0 |   0.0 |       8 |       0 |   0.0
            +---------+---------+-------+---------+---------+-------
